 Dungeon Crawl Stone Soup version 0.28.0-45-g0d030f2227 (webtiles) character file.

Game seed: 12347606105397808093

387 Revguard the Cudgeller (level 6, 0/59 HPs)
             Began as a Troll Gladiator on Apr 18, 2022.
             Slain by a centaur skeleton (2 damage)
             ... on level 4 of the Dungeon.
             The game lasted 00:06:33 (2690 turns).

Revguard the Cudgeller (Troll Gladiator)            Turns: 2690, Time: 00:06:34

Health: 0/59       AC:  4    Str: 23    XL:     6   Next: 49%
Magic:  0/5        EV:  6    Int:  4    God:
Gold:   92         SH:  0    Dex: 13    Spells: 5/5 levels left

rFire   . . .      SeeInvis .   f - +2 whip (venom)
rCold   + . .      Faith    .   (no shield)
rNeg    . . .      Spirit   +   b - +0 robe
rPois   .          Reflect  .   c - +0 hat
rElec   .          Harm     .   (no cloak)
rCorr   .          Rampage  .   (gloves unavailable)
Will    .....                   (boots unavailable)
Stlth   +.........              i - amulet of guardian spirit
HPRegen 0.99/turn               l - ring of protection from cold
MPRegen 0.09/turn               (no ring)

@: held
A: large, unfitting armour, claws 3, regeneration 1, shaggy fur 1, tough skin 1
a: no special abilities


You were on level 4 of the Dungeon.
You visited 1 branch of the dungeon, and saw 4 of its levels.

You collected 92 gold pieces.

Inventory:

Hand Weapons
 a - a +0 flail
 f - a +2 whip of venom (weapon)
Missiles
 d - 3 throwing nets (quivered)
Armour
 b - a +0 robe (worn)
 c - a +0 hat (worn)
Jewellery
 i - an amulet of guardian spirit (around neck)
 l - a ring of protection from cold (left claw)
Scrolls
 g - a scroll of identify


   Skills:
 + Level 2.4 Fighting
 * Level 4.2 Maces & Flails
 + Level 3.0 Throwing
 + Level 1.6 Armour
 * Level 3.8 Dodging


You had 5 spell levels left.
You didn't know any spells.
Your spell library was empty.

Dungeon Overview and Level Annotations

Branches:
Dungeon (4/15)
 Temple: D:4-7

Altars:


Innate Abilities, Weirdness & Mutations

You are too large for most types of armour.
You have claws for hands.
Your natural rate of healing is unusually fast.
You are covered in fur. (AC +1)
You have tough skin. (AC +1)


Message History

The gnoll hits you from afar with a +0 halberd.
* * * LOW HITPOINT WARNING * * *
You whack the kobold!
You kill the kobold!
You feel less wooden.
Your +0 hat unmelds from your body.
Your +0 robe unmelds from your body.
The gnoll hits you but does no damage.
The gnoll throws a throwing net.
The throwing net hits you.
You become entangled in the net!
You struggle against the net.
The gnoll hits you but does no damage. The gnoll barely misses you.
You struggle against the net.
The centaur skeleton hits you but does no damage.
The centaur skeleton kicks you but does no damage.
The gnoll hits you from afar with a +0 spear.
* * * LOW HITPOINT WARNING * * *
The gnoll hits you but does no damage.
The centaur skeleton completely misses you.
The centaur skeleton barely misses you.
You struggle against the net.
The gnoll barely misses you. The centaur skeleton hits you.
* * * LOW HITPOINT WARNING * * *
The centaur skeleton kicks you but does no damage.
The gnoll hits you from afar with a +0 halberd.
* * * LOW HITPOINT WARNING * * *
You struggle against the net.
The gnoll hits you from afar with a +0 spear.
* * * LOW HITPOINT WARNING * * *
The centaur skeleton hits you.
The centaur skeleton kicks you but does no damage.
The gnoll hits you from afar with a +0 halberd.
* * * LOW HITPOINT WARNING * * *
As you read the scroll of fear, it crumbles to dust.
You assume a fearsome visage.
The centaur skeleton is unaffected.
The gnoll looks frightened! x3; The centaur skeleton hits you.
* * * LOW HITPOINT WARNING * * *
The centaur skeleton kicks you but does no damage.
You struggle against the net.
The centaur skeleton hits you but does no damage.
The centaur skeleton barely misses you. The centaur skeleton hits you.
You die...

#.#g......g..
#g####.......
.g########g..
..g..#####.<#
.....#......# #
.......#...# ..#
.....>...# #...#
.....#############.g....
..(....)...g.g).@Z.#
.....###############
.....# .....# .....#
######


You could see 3 gnolls and a centaur skeleton.

Vanquished Creatures
  A hound (D:3)
  An orc priest (D:4)
  A gnoll shaman (D:4)
  An iguana (D:4)
  Natasha (thrice) (D:2 D:3)
  5 gnolls
  4 adders
  An adder skeleton (D:4)
  2 worms (D:2)
  4 dart slugs
  9 orcs
  6 bats
  6 endoplasms
  3 giant cockroaches
  6 goblins
  11 hobgoblins
  A jackal (D:4)
  4 quokkas
  4 ball pythons
  4 frilled lizards
  11 kobolds
  5 rats
93 creatures vanquished.

Notes
Turn   | Place    | Note
-------+----------+-------------------------------------------
     0 | D:1      | Revguard the Troll Gladiator began the quest for the Orb.
     0 | D:1      | Reached XP level 1. HP: 19/19 MP: 0/0
    69 | D:1      | Found a faded altar of an unknown god.
   112 | D:1      | Reached XP level 2. HP: 28/28 MP: 1/1
   211 | D:1      | Reached skill level 3 in Maces & Flails
   229 | D:1      | Reached XP level 3. HP: 11/35 MP: 2/2
   872 | D:2      | Reached XP level 4. HP: 37/42 MP: 3/3
   882 | D:2      | Noticed Natasha
   889 | D:2      | Killed Natasha
   890 | D:2      | Reached skill level 1 in Armour
  1258 | D:2      | Noticed Natasha
  1859 | D:3      | Reached XP level 5. HP: 49/49 MP: 4/4
  2352 | D:3      | Killed Natasha
  2353 | D:3      | Reached skill level 4 in Maces & Flails
  2568 | D:3      | Noticed Natasha
  2577 | D:3      | Killed Natasha
  2578 | D:3      | Reached XP level 6. HP: 58/58 MP: 5/5
  2688 | D:4      | HP: 1/59 [gnoll/+0 halberd (4)]
  2690 | D:4      | Slain by a centaur skeleton

Illustrated notes

Levels and vault maps discovered:
D:1:      dpeg_arrival_arbitrary_a, layout_basic, ebering_ecumenical_altar_ruins
D:2:      layout_basic, minmay_indecisive_spiral, uniq_natasha
D:3:      layout_loops_corners, nicolae_concentric_dashed_squares_mild
D:4:      layout_rooms, mainiacjoe_overflow_paths, gammafunk_ghost_nasty_kobolds

Skill      XL: |  1  2  3  4  5  6 |
---------------+-------------------+-----
Throwing       | 2 3 |  3.0
Maces & Flails | 3 4 |  4.2
Dodging        | 3 |  3.8
Armour         | 1 |  1.6
Fighting       | 2 |  2.4

Action                   |  1- 3 |  4- 6 || total
-------------------------+-------+-------++-------
Melee: Flail             |   101 |    68 ||   169
       Punch             |     3 |     5 ||     8
       Whip              |       |   118 ||   118
  Use: Scroll            |       |     6 ||     6
       Potion            |       |     5 ||     5
 Stab: Sleeping          |     1 |     2 ||     3
Armor: Robe              |    50 |    54 ||   104
       Skin              |       |    51 ||    51
Dodge: Dodged            |    81 |    93 ||   174
